 Dungeon Crawl Stone Soup version 0.21.1-1-g345015f (webtiles) character file.

74 letownia2 the Charmwright (level 4, -1/33 HPs)
             Began as a Merfolk Skald on Mar 13, 2018.
             Slain by a worker ant (8 damage)
             ... on level 4 of the Dungeon.
             The game lasted 00:07:08 (1182 turns).

letownia2 the Charmwright (Merfolk Skald)           Turns: 1182, Time: 00:07:09

Health: -1/33      AC:  1    Str: 11    XL:     4   Next: 28%
Magic:  0/7        EV: 12    Int: 13    God:
Gold:   76         SH:  0    Dex: 13    Spells: 1/7 levels left

rFire    . . .     SeeInvis .   a - +0 spear
rCold    . . .     Gourm    .   (no shield)
rNeg     + . .     Faith    .   o - -2 leather armour (curse)
rPois    .         Spirit   .   (no helmet)
rElec    .         Reflect  .   (no cloak)
rCorr    .         Harm     +   (no gloves)
MR       .....                  (no boots)
Stlth    +.........             l - amulet of harm
HPRegen  0.11/turn              h - ring of positive energy
MPRegen  0.10/turn              (no ring)

@: lethally poisoned (-1 -> -3), very slightly contaminated
A: change form in water, swift swim, stealthy swim
a: no special abilities


You were on level 4 of the Dungeon.
You were hungry.

You visited 1 branch of the dungeon, and saw 4 of its levels.

You collected 76 gold pieces.

Inventory:

Hand Weapons
 a - a +0 spear (weapon)
 n - a cursed -1 short sword
Armour
 b - a +0 leather armour
 o - a cursed -2 leather armour (worn)
Jewellery
 h - a ring of positive energy (left hand)
 l - an amulet of harm (around neck)
Scrolls
 f - 4 scrolls of identify {unknown}
 g - a scroll of teleportation {unknown}
 j - a scroll of magic mapping {unknown}
 m - a scroll of enchant weapon {unknown}
 q - 2 scrolls of remove curse {unknown}
Potions
 e - a potion of agility {unknown}
 i - a potion of curing
 k - a potion of heal wounds {unknown}
Books
 c - a book of Battle

   Spells                             Type                      Level
   a - Infusion                       Charms                       1
   b - Shroud of Golubria             Charms/Translocation         2
   c - Song of Slaying                Charms                       2
   d - Spectral Weapon                Hexes/Charms                 3
   e - Regeneration                   Charms/Necromancy            3
Comestibles
 d - 2 rations


   Skills:
 - Level 2.1 Fighting
 - Level 4.0 Polearms
 - Level 0.6 Armour
 - Level 2.6 Dodging
 - Level 2.0 Spellcasting
 - Level 1.1 Hexes
 + Level 4.1 Charms
 - Level 1.5 Translocations


You had one spell level left.
You knew the following spells:

 Your Spells              Type           Power        Failure   Level  Hunger
a - Infusion              Chrm           ##..         6%          1    ##.....
t - Shroud of Golubria    Chrm/Tloc      #.........   16%         2    ###....
x - Spectral Weapon       Hex/Chrm       #.......     32%         3    ####...


Dungeon Overview and Level Annotations

Branches:
Dungeon (4/15)
 Temple: D:4-7

Altars:
Qazlal


Message History

Casting: Shroud of Golubria
Confirm with . or Enter, or press ? or * to list all spells.
You miscast Shroud of Golubria.
You are very lightly contaminated with residual magic.
Multicoloured lights dance before your eyes!
The worker ant completely misses you.
Attack whom?
Press: ? - help, Dir - move target cursor, f/p - worker ant
Aim: a worker ant (almost dead)
You hit the worker ant but do no damage.
The worker ant is almost dead.
The worker ant closely misses you.
Unknown command.
Attack whom?
Press: ? - help, Dir - move target cursor, f/p - worker ant
Aim: a worker ant (almost dead)
You hit the worker ant but do no damage.
The worker ant is almost dead.
The worker ant bites you!
You die...

## ########## ..
.........# ####
#.#########.###[...
#..............####
#....#####.#..[...#
#.##.# #...<.....
#. #@# #.######.#
##a#####.#
#......s......#
####..........#
#.....#######
#...### #$.. ....
##.#.


You could see a worker ant and a giant cockroach.

Vanquished Creatures
  2 worms
  A leopard gecko (D:1)
  4 orcs (D:3)
  4 bats
  5 giant cockroaches
  7 hobgoblins
  15 jackals
  2 quokkas
  6 frilled lizards
  2 goblins
  2 kobolds (D:2)
  3 rats
53 creatures vanquished.

Notes
Turn   | Place    | Note
-------+----------+-------------------------------------------
     0 | D:1      | letownia2 the Merfolk Skald began the quest for the Orb.
     0 | D:1      | Reached XP level 1. HP: 16/16 MP: 3/3
    80 | D:1      | Reached XP level 2. HP: 10/22 MP: 0/5
   118 | D:1      | Learned a level 2 spell: Shroud of Golubria
   173 | D:3      | Found a stormy altar of Qazlal.
   303 | D:2      | Reached skill level 1 in Translocations
   399 | D:2      | Reached XP level 3. HP: 7/27 MP: 1/6
   423 | D:2      | Learned a level 3 spell: Spectral Weapon
   733 | D:3      | Reached skill level 1 in Hexes
   885 | D:3      | Reached XP level 4. HP: 15/33 MP: 1/7
  1182 | D:4      | Slain by a worker ant

Skill      XL: |  1  2  3  4 |
---------------+-------------+-----
Polearms       | 4 |  4.0
Translocations | 1 |  1.5
Hexes          | 1 |  1.1
Charms         | 4 |  4.1
Fighting       | |  2.1
Armour         | |  0.6
Dodging        | |  2.6
Spellcasting   | |  2.0

Action                   |  1- 3 |  4- 6 || total
-------------------------+-------+-------++-------
Melee: Spear             |   184 |    68 ||   252
 Cast: Infusion          |     6 |       ||     6
       Shroud of Golubri |    17 |     7 ||    24
       Spectral Weapon   |       |     1 ||     1
 Stab: Sleeping          |     1 |       ||     1
  Eat: Chunk             |     2 |     1 ||     3
Armor: Leather armour    |    27 |     4 ||    31
Dodge: Dodged            |   108 |    49 ||   157
